 Dungeon Sprint DCSS version 0.17-a0-1939-ga475588 (webtiles) character file.

93 ololoev the Firebug (level 4, -8/24 HPs)
             Began as a Deep Elf Fire Elementalist on Sept 29, 2015.
             Mangled by a crocodile (17 damage)
             ... in the Dungeon (Sprint II: "The Violet Keep of Menkaure").
             The game lasted 00:01:30 (231 turns).

ololoev the Firebug (Deep Elf Fire Elementalist)     Turns: 231, Time: 00:01:30

Health: -8/24      AC:  2    Str:  5    XL:     4   Next: 37%
Magic:  10/13      EV: 13    Int: 21    God:
Gold:   243        SH:  0    Dex: 15    Spells: 3 memorised, 6 levels left

rFire  . . .     SeeInvis .     (no weapon)
rCold  . . .     Clarity  .     a - +0 robe
rNeg   . . .     SustAt   .     (no shield)
rPois  .         Gourm    .     (no helmet)
rElec  .         Spirit   .     (no cloak)
rCorr  .         Warding  .     (no gloves)
rMut   .         NoTele   +     (no boots)
MR     .....                    (no amulet)
Stlth  ++........               (no ring)
                                (no ring)

@: hasted, very quick, not resistant to hostile enchantments, unstealthy
A: no striking features
a: no special abilities

Inventory:

Armour
 a - a +0 robe (worn)
Scrolls
 i - a scroll of blinking
Potions
 g - 2 potions of magic
 h - a potion of berserk rage
Books
 b - a book of Flames

   Spells                             Type                      Level
   a - Flame Tongue                   Conjuration/Fire             1
   b - Throw Flame                    Conjuration/Fire             2
   c - Conjure Flame                  Conjuration/Fire             3
   d - Inner Flame                    Hexes/Fire                   3
   e - Sticky Flame                   Conjuration/Fire             4
   f - Fireball                       Conjuration/Fire             5
Comestibles
 c - a bread ration
 d - 2 chunks of flesh


   Skills:
 - Level 2.4 Dodging
 - Level 2.4 Stealth
 + Level 5.8 Spellcasting
 * Level 6.0 Conjurations
 * Level 6.8 Fire Magic


You had 6 spell levels left. You knew the following spells: Your Spells Type Power Failure Level Hunger a - Flame Tongue Conj/Fire ####. 1% 1 None b - Conjure Flame Conj/Fire ####.... 2% 3 ##..... c - Sticky Flame Conj/Fire ####.... 10% 4 ####... You were in the Dungeon. You were not hungry. You visited 1 branch You collected 243 gold pieces. .. .. .#### ## ...# .# ###..## .# #+# #.##..# .# ##.###..#..# .# +.<.'.##'..### .### ##.###t@#....###...##▓▓ #+# #.##......≈≈≈≈≈≈≈≈ ###≈≈....§≈#+##### #≈≈≈§≈≈≈§.≈#..._._ #≈≈§§§≈§≈§≈#.._._. #≈≈≈§≈§≈§≈≈≈#._._._ ≈≈≈≈≈≈§§§§≈≈≈#_._._. +++#§§§≈≈§≈≈≈#._._._ ##≈≈≈###≈≈#_._._.

Notes
Turn   | Place    | Note
--------------------------------------------------------------
     0 | D        | ololoev the Deep Elf Fire Elementalist began the quest for the Orb.
     0 | D        | Reached XP level 1. HP: 10/10 MP: 6/6
     1 | D        | Noticed a worker ant
     1 | D        | Noticed a worker ant
    15 | D        | Killed Menkaure
    16 | D        | Killed a worker ant
    16 | D        | Reached skill level 4 in Spellcasting
    16 | D        | Reached skill level 5 in Fire Magic
    16 | D        | Reached XP level 2. HP: 4/15 MP: 0/9
    99 | D        | Noticed a worker ant
   100 | D        | Killed a worker ant
   100 | D        | Reached skill level 5 in Spellcasting
   100 | D        | Reached XP level 3. HP: 19/19 MP: 7/11
   105 | D        | Learned a level 3 spell: Conjure Flame
   108 | D        | Killed a worker ant
   108 | D        | Reached skill level 5 in Conjurations
   108 | D        | Reached skill level 6 in Fire Magic
   108 | D        | Reached XP level 4. HP: 24/24 MP: 4/13
   178 | D        | Noticed a worker ant
   180 | D        | Killed a worker ant
   197 | D        | Learned a level 4 spell: Sticky Flame
   198 | D        | Found a bloodstained altar of Trog.
   198 | D        | Found a radiant altar of Vehumet.
   199 | D        | Found a viscous altar of Jiyva.
   199 | D        | Found a white marble altar of Elyvilon.
   199 | D        | Found a roughly hewn altar of Beogh.
   200 | D        | Found an opulent altar of Gozag.
   200 | D        | Found a shimmering altar of Xom.
   200 | D        | Found a blossoming altar of Fedhas.
   201 | D        | Found a sacrificial altar of Ru.
   201 | D        | Found a sparkling altar of Nemelex Xobeh.
   201 | D        | Found a deep blue altar of Sif Muna.
   202 | D        | Found a glowing golden altar of the Shining One.
   202 | D        | Found a shadowy altar of Dithmenos.
   202 | D        | Found an ancient bone altar of Kikubaaqudgha.
   203 | D        | Found a corrupted altar of Lugonu.
   203 | D        | Found a stormy altar of Qazlal.
   203 | D        | Found a glowing silver altar of Zin.
   204 | D        | Noticed a crocodile
   231 | D        | Mangled by a crocodile

Dungeon Overview and Level Annotations

Branches:
Dungeon (1/1)

Altars:
Dithmenos
Elyvilon
Fedhas
Gozag
Kikubaaqudgha
Nemelex Xobeh
Qazlal
Ru
Sif Muna
Trog
Vehumet
Xom
Zin
The Shining One
Beogh
Jiyva
Lugonu


Message History

Found three altars.
Found three altars.
Found three altars.
Found three altars.
You enter the shallow water.
Moving in this stuff is going to be slow.
Found three altars.
A crocodile comes into view.
Really walk into a travel-excluded area?
Really walk into a travel-excluded area?
There is an open door here.
Casting: Conjure Flame
Confirm with . or Enter, or press ? or * to list all spells.
Aiming: Conjure Flame
Press: ? - help, Dir - move target cursor The fire roars!
You close the door.
This door is marked as excluded!
Open it anyway?
You open the door.
Casting: Conjure Flame
Confirm with . or Enter, or press ? or * to list all spells.
Aiming: Flame Tongue
Press: ? - help, Shift-Dir - straight line, f - crocodile
Aim: a crocodile The flame tongue misses the crocodile.
The crocodile bites you!
Casting: Flame Tongue
Confirm with . or Enter, or press ? or * to list all spells.
Aiming: Flame Tongue
Press: ? - help, Shift-Dir - straight line, f/p - crocodile
Aim: a crocodile The flame tongue hits the crocodile.
The crocodile is moderately wounded.
The crocodile bites you!
Drink which item? (? for menu, Esc to quit)
You feel much better. The crocodile bites you!
Ouch! That really hurt!
Drink which item? (? for menu, Esc to quit)
You feel yourself speed up. The crocodile bites you!
Ouch! That really hurt!
You die...

You could see a crocodile.

Vanquished Creatures
  4 worker ants (D)
4 creatures vanquished.

Vanquished Creatures (others)
  Menkaure (D)
1 creature vanquished.

Grand Total: 5 creatures vanquished

Action                   |  1- 3 |  4- 6 || total
-------------------------+-------+-------++-------
Melee: Unarmed           |       |     1 ||     1
 Cast: Flame Tongue      |     9 |     2 ||    11
       Conjure Flame     |     1 |     2 ||     3
  Use: Potion            |     1 |     2 ||     3

Vault maps used:
D:        the_violet_keep_of_menkaure
